Map: Cradle of Death

Players

Alebay

  • Race: Protoss Protoss
  • Spawn Location: 0:00

MattBarry

  • Race: Zerg Zerg

VOD

Have the link to the VOD?

Description

Time

  • Played on: Dec. 26, 2022, 12:43 a.m.
  • Length: 28:57
Show
View Real Time Build Order
Export as new Build Order

Alebay Protoss 

Build Orders:  

Get SALT Encoding   

  12  0:03  Probe (Chrono Boost)  
  13  0:13  Unknown  
  13  0:17  Probe (Chrono Boost)  
  14  0:26  Pylon  
  14  0:34  Probe (Chrono Boost)  
  15  0:50  Probe (Chrono Boost)  
  15  0:54  Assimilator  
  16  1:04  Probe (Chrono Boost)  
  17  1:18  Probe (Chrono Boost)  
  18  1:32  Probe (Chrono Boost)  
  18  1:35  Pylon  
  19  1:53  Probe (Chrono Boost)  
  20  2:02  Forge  
  20  2:06  Gateway  
  20  2:07  Probe (Chrono Boost)  
  21  2:13  Assimilator  
  21  2:21  Probe (Chrono Boost)  
  22  2:31  Gateway  
  22  2:34  Probe (Chrono Boost)  
  23  2:49  Protoss Ground Weapons Level 1  
  23  2:53  Probe (Chrono Boost)  
  24  3:09  Probe (Chrono Boost)  
  24  3:14  Zealot  
  27  3:23  Probe (Chrono Boost)  
  28  3:36  Pylon  
  28  3:37  Probe (Chrono Boost)  
  29  3:40  Pylon  
  29  3:41  Zealot  
  31  4:02  Pylon  
  31  4:05  Pylon  
  31  4:11  Zealot  
  31  4:12  Zealot  
  35  4:29  Cybernetics Core  
  35  4:36  Gateway  
  35  4:43  Zealot  
  37  5:09  Zealot  
  39  5:11  Zealot  
  41  5:29  Protoss Ground Armor Level 1  
  41  5:36  Gateway  
  41  5:43  Dragoon x2  
  45  6:22  Dragoon x3  
  51  6:47  Dragoon  
  53  7:06  Twilight Council  
  53  7:18  Pylon  
  53  7:21  Pylon  
  53  7:24  Pylon  
  53  7:25  Dragoon  
  53  7:27  Pylon  
  45  8:43  Dragoon x4  
  53  9:53  Dragoon x2  
  53  9:54  Dragoon x2  
  61  10:28  Dragoon x4  
  69  10:32  Unknown  
  69  10:48  Singularity Charge  
  67  11:48  Charge  
  67  11:53  Dragoon  
  67  11:54  Dragoon x3  
  75  12:29  Dragoon  
  77  12:30  Dragoon x3  
  83  15:09  Dragoon x2  
  87  15:10  Dragoon x2  
  91  15:29  Unknown  
  91  15:30  Pylon  
  91  15:32  Pylon  
  91  15:43  Dragoon x2  
  91  15:46  Pylon  
  95  15:50  Pylon  
  95  15:55  Pylon  
  95  16:00  Pylon  
  95  16:01  Dragoon x2  
  95  16:04  Pylon  
  99  16:30  Protoss Ground Weapons Level 2  
  97  17:38  Dragoon x2  
  97  17:39  Dragoon x2  
  103  19:40  Protoss Ground Armor Level 2  
  103  20:09  Dragoon x3  
  109  20:10  Dragoon  
  111  21:30  Dragoon x4  
  113  22:08  Dragoon x2  
  113  22:09  Dragoon x2  
  117  23:22  Dragoon  
  117  23:23  Dragoon x3  
  125  23:41  Pylon  
  125  23:45  Pylon  
  125  23:49  Pylon  
  125  23:54  Pylon  
  125  23:58  Pylon  
  125  24:03  Pylon  
  125  24:07  Pylon  
  125  24:12  Pylon  
  125  24:17  Pylon  
  125  24:21  Pylon  
  125  24:31  Dragoon x4  
  127  25:31  Dragoon x4  
  127  26:04  Dragoon x4  
  135  26:40  Dragoon x4  
  143  27:03  Unknown  
  143  27:21  Dragoon x2  
  143  27:22  Dragoon x2  
  151  27:37  Probe (Chrono Boost)  
  152  27:47  Pylon  
  152  27:51  Probe (Chrono Boost)  
  152  27:53  Pylon  
  152  27:57  Pylon  
  153  28:02  Pylon  
  153  28:03  Dragoon x4  
  153  28:08  Pylon  
  161  28:12  Pylon  
Show
View Real Time Build Order
Export as new Build Order

MattBarry Zerg 

Build Orders:  

Get SALT Encoding   

  18  0:05  Primal Drone  
  19  0:11  Unknown, Primal Drone  
  19  0:18  Primal Drone  
  21  0:36  Primal Drone  
  21  0:39  Extractor  
  22  0:51  Primal Drone  
  22  0:53  Primal Drone  
  24  1:30  Primal Drone x2  
  26  2:20  Primal Drone  
  26  2:21  Primal Drone x2  
  29  2:35  Primal Warden  
  29  2:36  Primal Warden  
  32  2:40  Primal Drone, Primal Warden  
  32  2:41  Primal Drone  
  32  2:47  Extractor  
  34  3:39  Primal Drone x3  
  37  4:07  Glevig's Den  
  36  4:16  Primal Drone x2  
  38  4:21  Primal Drone  
  38  4:23  Primal Attacks Level 1  
  39  4:47  Primal Zergling  
  40  4:59  Primal Drone, Primal Warden  
  41  5:46  Primal Zergling  
  41  5:47  Primal Zergling x14  
  56  6:03  Murvar's Den  
  56  6:20  Primal Wurm  
  56  6:31  Primal Wurm  
  57  6:49  Ravasaur x2  
  57  6:50  Ravasaur x5  
  57  6:51  Primal Zergling x4  
  57  6:52  Primal Zergling  
  57  6:59  Primal Drone  
  63  7:03  Primal Carapace Level 1  
  63  7:10  Dissolving Acid  
  63  7:35  Primal Drone  
  63  7:36  Primal Drone  
  63  7:39  Primal Zergling  
  66  7:40  Primal Zergling x3  
  66  7:41  Primal Zergling x2  
  71  8:32  Primal Zergling  
  71  8:33  Primal Zergling x11  
  71  8:38  Ravasaur  
  71  8:39  Ravasaur x4  
  83  8:40  Ravasaur  
  83  10:09  Primal Zergling x7  
  90  10:10  Primal Zergling x8  
  98  10:28  Dakrun's Den  
  98  10:29  Unknown  
  98  10:42  Primal Warden  
  98  11:08  Primal Zergling  
  98  11:09  Primal Zergling x8  
  107  11:14  Ravasaur  
  107  11:15  Ravasaur x8  
  107  11:16  Ravasaur  
  107  11:19  Enlarged Parotid Glands  
  107  11:25  Primal Drone x4  
  107  11:29  Ravasaur  
  111  11:30  Ravasaur x3  
  109  12:21  Primal Zergling  
  109  12:22  Primal Zergling x11  
  109  12:23  Primal Zergling x2  
  120  13:10  Unknown  
  120  13:29  Primal Zergling  
  121  13:30  Primal Zergling x12  
  133  13:43  Healing Adaptation  
  133  13:48  Primal Attacks Level 2  
  127  15:15  Primal Zergling x3  
  127  15:16  Primal Zergling x18  
  148  15:31  Unknown  
  148  15:42  Primal Hive  
  153  16:29  Ravasaur  
  153  16:30  Ravasaur x5  
  153  16:31  Ravasaur x9  
  153  16:32  Ravasaur x5  
  153  16:33  Ravasaur  
  154  17:39  Primal Attacks Level 3, Primal Warden  
  155  17:44  Primal Warden x2  
  155  17:49  Primal Warden  
  155  17:54  Primal Warden  
  155  18:01  Primal Warden  
  146  18:39  Unknown  
  146  19:00  Primal Warden  
  146  19:01  Primal Warden  
  146  19:02  Primal Warden  
  146  19:03  Primal Warden  
  146  19:05  Primal Warden  
  146  19:07  Primal Warden  
  146  19:11  Primal Drone  
  146  19:12  Primal Drone x4  
  146  19:18  Primal Drone  
  146  19:19  Primal Drone x4  
  156  19:33  Extractor  
  156  20:05  Primal Hydralisk  
  156  20:06  Primal Hydralisk x16  
  192  21:07  Primal Wurm  
  192  21:17  Primal Warden  
  192  21:18  Primal Carapace Level 2, Primal Warden  
  191  21:31  Primal Zergling x4  
  191  21:32  Primal Zergling x3  
  191  21:33  Primal Zergling x4  
  92  23:06  Primal Ultralisk  
  92  23:07  Primal Ultralisk x4  
  92  23:09  Primal Warden  
  122  23:21  Brutal Charge  
  122  23:28  Primal Drone x3  
  122  23:29  Primal Drone x2  
  127  23:43  Extractor  
  127  23:47  Primal Wurm  
  128  23:58  Primal Ultralisk  
  134  26:09  Primal Ultralisk  
  138  26:10  Primal Zergling x2  
  138  26:11  Primal Zergling x12  
  152  26:41  Primal Ultralisk x5  
  152  26:42  Primal Ultralisk  
  188  26:51  Primal Drone x3  
  188  26:53  Primal Drone  
  188  26:57  Primal Drone  
  193  27:00  Primal Drone  
  193  27:05  Unknown  
  194  27:43  Primal Drone x3  
  194  27:44  Primal Drone x2  
Tags
 
Commander
ArtanisDehaka
Matchup
Co-op
Replay Pack
Multiplayer
Add a new tag
Caveats
  • Supply blocks, unpowered buildings, or Contaminate may cause inaccurate times.
  • Supply counts are checked every 10 seconds.